 Dungeon Crawl Stone Soup version 0.31.0-11-ge490571c62 (webtiles) character file.

Game seed: 7585676432179703882

79 mandarbmax the Shooter (level 4, -3/33 HPs)
             Began as a Formicid Hunter on Jan 28, 2024.
             Slain by a gnoll
             ... wielding the +12 glaive of Prune {freeze, Prune}
              (17 damage)
             ... on level 2 of the Dungeon.
             The game lasted 00:02:02 (1023 turns).

mandarbmax the Shooter (Formicid Hunter)            Turns: 1023, Time: 00:02:03

Health: -3/33      AC:  3    Str: 15    XL:     4   Next: 64%
Magic:  4/4        EV: 12    Int:  9    God:
Gold:   33         SH:  0    Dex: 19    Spells: 3/3 levels left

rFire   . . .        a - +0 shortbow
rCold   . . .        (no shield)
rNeg    . . .        c - +0 leather armour
rPois   .            (helmet unavailable)
rElec   .            (no cloak)
rCorr   .            (no gloves)
SInv    +            (no boots)
Will    .....        (no amulet)
Stlth   ++           (no ring)
HPRegen 0.25/turn    (no ring)
MPRegen 0.09/turn

%: no passive effects
@: no status effects
A: permanent stasis, dig shafts and tunnels, antennae 3, four strong arms
a: Dig, Shaft Self


You were on level 2 of the Dungeon.
You visited 1 branch of the dungeon, and saw 2 of its levels.

You collected 33 gold pieces.

Inventory:

Hand Weapons
 a - a +0 shortbow (weapon)
Armour
 c - a +0 leather armour (worn)
Scrolls
 b - a scroll of butterflies
 e - 4 scrolls of identify {unknown}
 f - a scroll of poison {unknown}
Potions
 d - 2 potions of heal wounds {unknown}
 g - a potion of berserk rage {unknown}


   Skills:
 - Level 2.1 Fighting
 + Level 5.6 Ranged Weapons
 - Level 2.0 Dodging
 - Level 1.2 Stealth


You had 3 spell levels left.
You didn't know any spells.
Your spell library contained the following spells:

 Spells                   Type           Power      Damage    Failure   Level
 Static Discharge         Conj/Air       0%         3-3/arc   58%         2
 Airstrike                Air            0%         2d(0-16)  99%         4
 Summon Lightning Spire   Summ/Air       0%         N/A       99%         4


Dungeon Overview and Level Annotations

Branches:
Dungeon (2/15)

Altars:


Innate Abilities, Weirdness & Mutations

You cannot be hasted, slowed, berserked, paralysed or teleported.
You can dig through walls and to a lower floor.
You have a pair of large antennae on your head. (SInv)
Your four strong arms can wield two-handed weapons with a shield.


Message History

Unknown command.
You retract your mandibles.
You see here a +0 spear.
Fire: a) +0 shortbow
Press: ? - help, Q - select action, (/) - cycle Shift-Dir - straight line, f - gnoll, p - gnoll
Aim: a gnoll, wielding the +12 glaive of Prune {freeze, Prune} (68% to hit)
You shoot an arrow. The arrow hits the gnoll.
The gnoll is moderately wounded.
The gnoll hits you with a +0 flail!
Unknown command.
The gnoll attacks as it pursues you! The gnoll hits you with a +0 flail.
Fire: a) +0 shortbow
Press: ? - help, Q - select action, (/) - cycle Shift-Dir - straight line, f/p - gnoll
Aim: a gnoll, wielding the +12 glaive of Prune {freeze, Prune} (68% to hit)
You shoot an arrow. The arrow hits the gnoll.
The gnoll is moderately wounded.
The gnoll barely misses you.
Unknown command.
Fire: a) +0 shortbow
Press: ? - help, Q - select action, (/) - cycle Shift-Dir - straight line, f/p - gnoll
Aim: a gnoll, wielding the +12 glaive of Prune {freeze, Prune} (68% to hit)
You shoot an arrow. The arrow closely misses the gnoll.
The arrow hits the orc!
You kill the orc!
The gnoll hits you with a +0 flail.
Unknown command.
Fire: a) +0 shortbow
Press: ? - help, Q - select action, (/) - cycle Shift-Dir - straight line, f/p - gnoll
Aim: a gnoll, wielding the +12 glaive of Prune {freeze, Prune} (68% to hit)
You shoot an arrow. The arrow hits the gnoll!
The gnoll is almost dead.
The gnoll closely misses you.
Unknown command.
Fire: a) +0 shortbow
Press: ? - help, Q - select action, (/) - cycle Shift-Dir - straight line, f/p - gnoll
Aim: a gnoll, wielding the +12 glaive of Prune {freeze, Prune} (68% to hit)
You shoot an arrow. The arrow closely misses the gnoll. x2
The gnoll closely misses you.
The gnoll hits you from afar with the +12 glaive of Prune {freeze, Prune}!
Ouch! That really hurt!
You die...

##################
#................#
#.##############(########
#.## #......... ...##
#..######. ###)##
#..##..... #
##.###########.....#
#......##........## #
##.####.##..##@##.#
###.## #.##..##g##.#
...## #.##....gg..# ####
#.###.##.##.# #.#
#.##)#..# #.# #...).#.#
{{ #.# ######..# {{ #.#
##.#,{ #.# #.g......


You could see 3 gnolls.

Vanquished Creatures
  Natasha (twice) (D:2)
  An orc (D:2)
  5 endoplasms (D:1)
  A giant cockroach (D:2)
  5 goblins
  A hobgoblin (D:1)
  A kobold (D:2)
  3 quokkas
  2 ball pythons (D:1)
  A frilled lizard (D:1)
  4 rats
26 creatures vanquished.

Notes
Turn   | Place    | Note
-------+----------+-------------------------------------------
     0 | D:1      | mandarbmax the Formicid Hunter began the quest for the Orb.
     0 | D:1      | Reached XP level 1. HP: 16/16 MP: 1/1
   219 | D:1      | Reached XP level 2. HP: 22/22 MP: 2/2
   272 | D:1      | Found a faded altar of an unknown god.
   663 | D:1      | Reached XP level 3. HP: 27/27 MP: 3/3
   830 | D:2      | Noticed Natasha
   835 | D:2      | Killed Natasha
   836 | D:2      | Reached skill level 5 in Ranged Weapons
   836 | D:2      | Reached XP level 4. HP: 33/33 MP: 4/4
  1003 | D:2      | Noticed Natasha
  1013 | D:2      | Killed Natasha
  1023 | D:2      | Slain by a gnoll

Illustrated notes

Levels and vault maps discovered:
D:1:      kennysheep_arrival_forest, layout_basic,
          dreamdust_ecumenical_altar_angels_and_demons, grunt_decor_resistance,
          kennysheep_minor_cross, minmay_statues_item
D:2:      cheibrodos_pilgrimage, layout_loops_ring, uniq_natasha

Skill      XL: |  1  2  3 |
---------------+----------+-----
Dodging        | 2 |  2.0
Ranged Weapons | 5 |  5.6
Fighting       | |  2.1
Stealth        | |  1.2

Action                     |  1- 3 |  4- 6 || total
---------------------------+-------+-------++-------
   Fire: Shortbow          |    43 |    19 ||    62
Ability: Dig               |       |     1 ||     1
 Armour: Leather armour    |       |     8 ||     8
  Dodge: Dodged            |       |     9 ||     9
